 Dungeon Crawl Stone Soup version 0.29.1-12-g30fa7ad0bf (webtiles) character file.

Game seed: 4686098875767521451

120 styxcanada the Covert (level 4, -1/23 HPs)
             Began as a Spriggan Brigand on Dec 28, 2022.
             Was an Initiate of Gozag.
             Slain by an orc
             ... wielding a +0 flail
              (6 damage)
             ... on level 4 of the Dungeon.
             The game lasted 00:09:53 (3108 turns).

styxcanada the Covert (Spriggan Brigand)            Turns: 3108, Time: 00:09:55

Health: -1/23      AC:  3    Str:  7    XL:     4   Next: 75%
Magic:  5/5        EV: 17    Int: 12    God:    Gozag
Gold:   126        SH:  0    Dex: 18    Spells: 3/3 levels left

rFire   . . .      SeeInvis +   a - +2 dagger (flame)
rCold   . . .      Faith    .   (no shield)
rNeg    . . .      Spirit   .   b - +0 robe
rPois   .          Reflect  .   (helmet restricted)
rElec   .          Harm     .   c - +0 cloak
rCorr   .          Rampage  .   (gloves unavailable)
Will    .....                   (boots unavailable)
Stlth   ++++......              (no amulet)
HPRegen 0.07/turn               (no ring)
MPRegen 0.09/turn               (no ring)

@: gold aura, very quick
A: very small, no large weapons, unfitting armour, see invisible, speed 3
a: Renounce Religion, Potion Petition, Call Merchant, Bribe Branch


You were on level 4 of the Dungeon.
You worshipped Gozag.
Gozag was aware of your devotion.
You visited 2 branches of the dungeon, and saw 5 of its levels.

You collected 184 gold pieces.
You paid 58 gold pieces to Gozag.

Inventory:

Hand Weapons
 a - a +2 dagger of flaming (weapon)
Missiles
 d - 6 poisoned darts (quivered)
 e - 3 curare-tipped darts
 f - 34 stones
Armour
 b - a +0 robe (worn)
 c - a +0 cloak (worn)
Wands
 o - a wand of charming (2)
Scrolls
 j - a scroll of teleportation
 k - 3 scrolls of brand weapon
 q - a scroll of immolation {unknown}
 r - a scroll of magic mapping {unknown}
 s - a scroll of blinking {unknown}
 t - 3 scrolls of identify {unknown}
 u - a scroll of enchant armour {unknown}
 v - a scroll of poison {unknown}
 w - a scroll of fear {unknown}
 x - a scroll of summoning {unknown}
Potions
 g - a potion of heal wounds {unknown}
 h - a potion of might {unknown}
 i - 2 potions of curing {unknown}
 l - a potion of berserk rage {unknown}
 m - a potion of flight {unknown}
 n - a potion of resistance {unknown}
 p - a potion of mutation {unknown}


   Skills:
 * Level 1.8 Fighting
 + Level 2.7 Short Blades
 + Level 2.1 Throwing
 * Level 2.6 Dodging
 * Level 8.3 Stealth


You had 3 spell levels left.
You didn't know any spells.
Your spell library was empty.

Dungeon Overview and Level Annotations

Branches:
Dungeon (4/15)             Temple (1/1) D:4

Altars:
Gozag
Nemelex Xobeh
Qazlal
Trog
Uskayaw
Wu Jian


Innate Abilities, Weirdness & Mutations

You are very small and have problems with some larger weapons.
You are too small for most types of armour.
You have supernaturally acute eyesight. (SInv)
You cover ground extremely quickly. (Speed+++)


Message History

Throw: 10 darts (poison)
Press: ? - help, Q - select action, (/) - cycle Shift-Dir - straight line, f/p - orc
Aim: an orc, wielding a +0 hand axe and wearing a +0 ring mail (poisoned, 65% to hit)
You throw a poisoned dart. The poisoned dart hits the orc.
The orc looks even sicker.
Throw: 9 darts (poison)
Press: ? - help, Q - select action, (/) - cycle Shift-Dir - straight line, f - orc, p - orc
Aim: an orc, wielding a +0 flail and wearing a +0 ring mail (65% to hit)
You throw a poisoned dart. The poisoned dart hits the orc.
The orc is poisoned.
Throw: 8 darts (poison)
Press: ? - help, Q - select action, (/) - cycle Shift-Dir - straight line, f/p - orc
Aim: an orc, wielding a +0 flail and wearing a +0 ring mail (lightly wounded, poisoned, 65% to hit)
You throw a poisoned dart.
The poisoned dart closely misses the orc.
The poisoned dart hits the orc.
You kill the orc!
Throw: 7 darts (poison)
Press: ? - help, Q - select action, (/) - cycle Shift-Dir - straight line, f/p - orc
Aim: an orc, wielding a +0 flail and wearing a +0 ring mail (heavily wounded, poisoned, 65% to hit)
You throw a poisoned dart.
The poisoned dart barely misses the orc.
You hit the orc. You burn the orc.
The orc is moderately wounded.
The orc barely misses you. The orc hits you with a +0 flail!
You hit the orc but do no damage.
The orc is moderately wounded.
The orc looks more healthy.
The orc closely misses you. The orc completely misses you.
You barely miss the orc.
The orc is moderately wounded.
The orc barely misses you. x2; The orc hits you with a +0 hand axe.
You hit the orc but do no damage.
The orc is moderately wounded.
You hit the orc but do no damage.
The orc is moderately wounded.
The orc hits you with a +0 mace.
* * * LOW HITPOINT WARNING * * *
The orc hits you with a +0 flail.
You die...
Your body crumbles into a pile of gold.

##..........#
#......(..(.#
##...........+
##......(.....###
#................
#........<.....#
#.............#
#......ooo....##
##.....@........
#.........##...#
##......<.## ..#
#######.........# ..
#).#......>.....#
#................#
##....#............
###.....#.......#.##..
#...
#......###......###.##.
#..


You could see 3 orcs.

Vanquished Creatures
  4 adders
  2 worms (D:2)
  3 dart slugs
  An orc (D:4)
  3 endoplasms
  2 giant cockroaches
  7 goblins
  8 hobgoblins
  6 jackals
  3 quokkas
  3 ball pythons (D:2)
  5 bats
  3 frilled lizards (D:1)
  10 kobolds
  4 rats
64 creatures vanquished.

Notes
Turn   | Place    | Note
-------+----------+-------------------------------------------
     0 | D:1      | styxcanada the Spriggan Brigand began the quest for the
                  | Orb.
     0 | D:1      | Reached XP level 1. HP: 10/10 MP: 2/2
     8 | D:1      | Reached skill level 6 in Stealth
   405 | D:1      | Reached XP level 2. HP: 11/14 MP: 3/3
   821 | D:1      | Found a faded altar of an unknown god.
   917 | D:1      | Reached skill level 7 in Stealth
   970 | D:1      | Reached XP level 3. HP: 8/18 MP: 4/4
  1844 | D:2      | Reached XP level 4. HP: 23/23 MP: 5/5
  1940 | D:2      | Reached skill level 8 in Stealth
  3016 | D:4      | Found a staircase to the Ecumenical Temple.
  3026 | Temple   | Entered the Ecumenical Temple
  3036 | Temple   | Became a worshipper of Gozag Ym Sagoz the Greedy
  3108 | D:4      | Slain by an orc

Illustrated notes

Levels and vault maps discovered:
D:1:      spicycebolla_arrival_transporter_tutorial, layout_basic,
          hellmonk_ecumenical_altar_zigzags, minmay_pentomino_o4
D:2:      layout_basic, columned_hall_lemuel
D:3:      layout_loops_ring, minmay_close_crescents
D:4:      layout_cave_pools, mainiacjoe_overflow_swirl, zin_angel,
          minmay_temple_entry_tees
Temple:   eino_temple_water

Skill      XL: |  1  2  3  4 |
---------------+-------------+-----
Stealth        | 6 7 8 |  8.3
Dodging        | 2 |  2.6
Fighting       | |  1.8
Short Blades   | |  2.7
Throwing       | |  2.1

Action                   |  1- 3 |  4- 6 || total
-------------------------+-------+-------++-------
Melee: Dagger            |    92 |    56 ||   148
       Punch             |     2 |     2 ||     4
Throw: Dart              |    15 |    12 ||    27
  Use: Scroll            |       |     3 ||     3
 Stab: Sleeping          |    15 |     6 ||    21
Armor: Robe              |    13 |     7 ||    20
Dodge: Dodged            |    42 |    37 ||    79
